 Dungeon Crawl Stone Soup version 0.24-a0-201-gf205589 (webtiles) character file.

Game seed: 3370150702778491492

53 Borgoz the Skirmisher (level 3, 0/33 HPs)
             Began as a Ghoul Monk on Mar 23, 2019.
             Slain by an orc wizard
             ... wielding a +0 dagger
              (1 damage)
             ... on level 3 of the Dungeon.
             The game lasted 00:03:11 (1378 turns).

Borgoz the Skirmisher (Ghoul Monk)                  Turns: 1378, Time: 00:03:12

Health: 0/33       AC:  3    Str: 14    XL:     3   Next: 89%
Magic:  11/11      EV: 13    Int: 11    God:
Gold:   88         SH:  0    Dex: 11    Spells: 2/2 levels left

rFire    . . .     SeeInvis .   k - +3 dagger
rCold    + . .     Gourm    .   (no shield)
rNeg     + + +     Faith    .   b - +0 robe
rPois    ∞         Spirit   .   (no helmet)
rElec    .         Reflect  .   (no cloak)
rCorr    .         Harm     .   (no gloves)
MR       .....                  m - +0 pair of boots
Stlth    ++........             (no amulet)
HPRegen  0.00/turn              a - ring of magical power
MPRegen  0.12/turn              (no ring)

@: brilliant, flying, rotting, slowed, very slow
A: rotting body, claws 1, carnivore, cold resistance 1, negative energy
resistance 3, inhibited regeneration, torment resistance, unbreathing
a: no special abilities


You were on level 3 of the Dungeon.
You were not hungry.

You visited 1 branch of the dungeon, and saw 3 of its levels.

You collected 88 gold pieces.

Inventory:

Hand Weapons
 k - a +3 dagger (weapon)
Armour
 b - a +0 robe (worn)
 m - a +0 pair of boots (worn)
Jewellery
 a - a ring of magical power (left claw)
Scrolls
 g - 5 scrolls of identify {unknown}
 h - a scroll of teleportation {unknown}
Potions
 i - a potion of flight
Comestibles
 c - 3 rations
 j - 2 chunks of flesh


   Skills:
 + Level 3.8 Fighting
 + Level 3.1 Short Blades
 + Level 1.3 Armour
 + Level 3.1 Dodging
 - Level 2.1 Stealth


You had 2 spell levels left.
You didn't know any spells.
Your spell library was empty.

Dungeon Overview and Level Annotations

Branches:
Dungeon (3/15)

Altars:
Makhleb


Innate Abilities, Weirdness & Mutations

Your body is rotting away.
You thrive on raw meat.
You are immune to poison.
You have sharp fingernails.
You are carnivorous and can eat meat at any time.
Your flesh is cold resistant. (rC+)
You are immune to negative energy. (rN+++)
You do not regenerate when monsters are visible.
You are immune to unholy pain and torment.
You can survive without breathing.


Message History

The orc barely misses you. The orc closely misses you.
The bat barely misses you. The orc misses you.
Eat one of 4 chunks of flesh? (ye/n/q)
You eat one of the 4 chunks of flesh.
This raw flesh tastes great!
The bat hits you.
* * * LOW HITPOINT WARNING * * *
The orc closely misses you. The orc hits you but does no damage.
The orc misses you. The orc barely misses you.
Eat one of 3 chunks of flesh? (ye/n/q)
You eat one of the 3 chunks of flesh.
This raw flesh tastes great!
The bat closely misses you. The bat misses you. The orc barely misses you.
The orc wizard casts a spell at you. You resist with significant effort.
The orc barely misses you. The orc closely misses you. x2
You hit the orc.
The orc is almost dead.
The bat closely misses you. The orc hits you with a +0 trident.
* * * LOW HITPOINT WARNING * * *
The orc wizard hits you with a +0 dagger.
You die...

#...#.###..##
##.#...##....##
#..#..##..##<.##
##....##....^...#
#..#.#...#.#.....
#......#......###
##..b#.##.#)#..#
#o.###.##.....##
#@## ...###.###
#oo.....# #..
oo###...# ####
...# #.... .....
..#### ##[ .


You could see an orc wizard, 4 orcs and a bat.

Vanquished Creatures
  3 adders (D:2)
  2 leopard geckos (D:2)
  An orc (D:3)
  A giant cockroach (D:1)
  4 hobgoblins
  2 jackals (D:1)
  2 bats
  3 frilled lizards
  2 goblins
  2 kobolds (D:1)
  3 rats
25 creatures vanquished.

Notes
Turn   | Place    | Note
-------+----------+-------------------------------------------
     0 | D:1      | Borgoz the Ghoul Monk began the quest for the Orb.
     0 | D:1      | Reached XP level 1. HP: 19/19 MP: 0/0
   338 | D:1      | You fall through a shaft!
   352 | D:2      | Reached XP level 2. HP: 26/26 MP: 1/1
  1072 | D:2      | Reached skill level 1 in Armour
  1072 | D:2      | Reached XP level 3. HP: 26/33 MP: 2/2
  1286 | D:2      | Found a burning altar of Makhleb.
  1378 | D:3      | HP: 1/33 [orc/+0 trident (6)]
  1378 | D:3      | Slain by an orc wizard

Levels and vault maps discovered:
D:1:      wander_arrival_chamber, layout_basic, solitary_fountain,
          serial_park_tiny_pond
D:2:      layout_basic, lemuel_coloured_pillars_altar,
          chequers_temple_overflow_statue_of_worship, lemuel_round_altar,
          uniq_natasha, uniq_robin
D:3:      layout_rooms, serial_glass, glass_columns_a, glass_columns_b,
          glass_columns_b, glass_columns_a, glass_columns_a,
          cheibrodos_sewer_entry_drain, first_ration

Skill      XL: |  1  2 |
---------------+-------+-----
Short Blades   | 3 |  3.1
Armour         | 1 |  1.3
Dodging        | 3 |  3.1
Fighting       | |  3.8
Stealth        | |  2.1

Action                   || total
-------------------------++-------
Melee: Short sword       ||    69
       Dagger            ||    35
  Use: Potion            ||     5
 Stab: Sleeping          ||     2
  Eat: Chunk             ||     5
Armor: Robe              ||    18
Dodge: Dodged            ||   110

Table legend:
 A = Non-vault XP
 B = Vault XP
 C = Vault XP percentage of total XP
 D = Non-vault monster count
 E = Vault monster count
 F = Vault count percentage of total count
                 A         B        C        D         E       F
            +---------+---------+-------+---------+---------+-------
      Total |      73 |       4 |   5.2 |      23 |       2 |   8.0
            +---------+---------+-------+---------+---------+-------
        D:1 |      19 |       0 |   0.0 |      13 |       0 |   0.0
        D:2 |      49 |       4 |   7.5 |       8 |       2 |  20.0
        D:3 |       5 |       0 |   0.0 |       2 |       0 |   0.0
            +---------+---------+-------+---------+---------+-------
